 Dungeon Crawl Stone Soup version 0.21-a0-94-gdd6ab6a (webtiles) character file.

282 4thArraOfDagon the Insei (level 6, -4/41 HPs)
             Began as a Demonspawn Enchanter on July 3, 2017.
             Killed from afar by a kobold (17 damage)
             ... with a wand of lightning (?/15)
             ... on level 5 of the Dungeon.
             The game lasted 00:04:57 (790 turns).

4thArraOfDagon the Insei (Demonspawn Enchanter)      Turns: 790, Time: 00:04:58

Health: -4/41      AC:  9    Str:  9    XL:     6   Next: 6%
Magic:  9/9        EV:  4    Int: 18    God:
Gold:   40         SH:  0    Dex: 16    Spells: 6/9 levels left

rFire    . . .     SeeInvis .   l - +3 quarterstaff (chaos)
rCold    . . .     Gourm    .   (shield currently unavailable)
rNeg     . . .     Faith    .   k - +0 chain mail
rPois    .         Spirit   .   (helmet restricted)
rElec    .         Reflect  .   m - +0 cloak
rCorr    .         Harm     .   (no gloves)
MR       .....                  (no boots)
Stlth    ..........             (no amulet)
HPRegen  0.13/turn              f - +3 ring of dexterity
MPRegen  0.11/turn              (no ring)

@: no status effects
A: horns 1, talons 1, demonic guardian 1, powered by pain 1
a: no special abilities


You were on level 5 of the Dungeon.
You were not hungry.

You visited 1 branch of the dungeon, and saw 6 of its levels.

You collected 40 gold pieces.

Inventory:

Hand Weapons
 a - a +1 dagger
 l - a +3 quarterstaff of chaos (weapon)
Armour
 b - a +0 robe
 k - a +0 chain mail (worn)
 m - a +0 cloak (worn)
Jewellery
 f - a +3 ring of dexterity (left hand)
Scrolls
 g - a scroll of magic mapping {unknown}
 i - a scroll of remove curse {unknown}
 j - a scroll of identify {unknown}
 o - a scroll of fog {unknown}
 p - a scroll of teleportation {unknown}
Books
 c - a book of Maledictions

   Spells                             Type                      Level
   a - Corona                         Hexes                        1
   b - Ensorcelled Hibernation        Hexes/Ice                    2
   c - Confuse                        Hexes                        3
   d - Tukima's Dance                 Hexes                        3
   e - Dazzling Spray                 Conjuration/Hexes            3
Comestibles
 d - a bread ration
 h - a meat ration


   Skills:
 - Level 0.8 Short Blades
 - Level 2.1 Dodging
 - Level 2.6 Stealth
 * Level 5.3 Unarmed Combat
 - Level 2.0 Spellcasting
 - Level 3.0 Hexes


You had 6 spell levels left.
You knew the following spells:

 Your Spells              Type           Power        Failure   Level  Hunger
a - Corona                Hex            ##.....      100%        1    #......
b - Ensorcelled Hibernat  Hex/Ice        #.....       100%        2    ###....


Dungeon Overview and Level Annotations

Branches:
Dungeon (6/15)
 Temple: D:4-7

Altars:
Uskayaw


Innate Abilities, Weirdness & Mutations

You have a pair of small horns on your head.
You have sharp toenails.
A weak demonic guardian rushes to your aid.
You sometimes gain a little power by taking damage.


Message History

Your quasit bites the big kobold but does no damage.
The big kobold blocks your quasit's attack.
Your quasit claws the big kobold.
The big kobold dies!
You have reached level 6!
Your experience leads to an increase in your attributes!
Your base attributes are Str 8, Int 18, Dex 13.
Increase (S)trength, (I)ntelligence, or (D)exterity?
You feel stronger.
Your demonic ancestry asserts itself...
A pair of horns grows on your head!
A kobold comes into view. It is wielding a club.
The kobold barely misses your quasit.
A kobold comes into view. It is wielding a club.
The kobold barely misses your quasit.
The kobold zaps a wand.
The bolt of lightning hits the kobold.
The kobold dies!
The bolt of lightning hits the kobold.
The kobold dies!
The bolt of lightning hits your quasit. The bolt of lightning hits you!
You die...

.# .# #.# .##### #.# # #
.....# #####.## .#. .#.#.#
#.. ...# #.# ##.#K# #.# #..#
#.# ##.#.# #.# #..# #.#
##.#.# #.# #..##########.#
#.#.#######.###@.#.........<#
#.......KK..†!5....##########
###########.####.### #.# #.#
#.# #.# #.# #.# #.# #.#
#......# ########


You could see 2 kobolds and a friendly quasit.

Vanquished Creatures
  A water moccasin (D:5)
  An ogre (D:4)
  2 adders (D:5)
  An adder zombie (D:5)
  A dart slug (D:1)
  A leopard gecko (D:4)
  A giant cockroach (D:2)
  A goblin (D:1)
  2 hobgoblins (D:1)
  A frilled lizard (D:1)
  A rat (D:1)
13 creatures vanquished.

Vanquished Creatures (collateral kills)
  A big kobold (D:5)
  A scorpion (D:4)
  Crazy Yiuf (D:4)
3 creatures vanquished.

Vanquished Creatures (others)
  2 kobolds (D:5)
2 creatures vanquished.

Grand Total: 18 creatures vanquished

Notes
Turn   | Place    | Note
-------+----------+-------------------------------------------
     0 | D:1      | 4thArraOfDagon the Demonspawn Enchanter began the quest for the Orb.
     0 | D:1      | Reached XP level 1. HP: 13/13 MP: 3/3
   107 | D:1      | Reached skill level 1 in Unarmed Combat
   107 | D:1      | Gained mutation: A weak demonic guardian rushes to your aid. [demonic ancestry]
   107 | D:1      | Reached XP level 2. HP: 19/19 MP: 5/5
   175 | D:2      | Learned a level 2 spell: Ensorcelled Hibernation
   205 | D:4      | Noticed a scorpion
   211 | D:4      | Found a hide-covered altar of Uskayaw.
   255 | D:4      | Found a runed door.
   259 | D:4      | Noticed Crazy Yiuf
   272 | D:4      | Killed Crazy Yiuf
   317 | D:4      | Killed a scorpion
   317 | D:4      | Reached skill level 2 in Unarmed Combat
   317 | D:4      | Reached XP level 3. HP: 24/24 MP: 4/6
   324 | D:4      | Noticed an ogre
   350 | D:4      | Killed an ogre
   350 | D:4      | Reached skill level 3 in Unarmed Combat
   350 | D:4      | Gained mutation: You sometimes gain a little power by taking damage. [demonic ancestry]
   350 | D:4      | Reached XP level 4. HP: 20/30 MP: 7/7
   389 | D:5      | Entered Level 5 of the Dungeon
   405 | D:5      | Reached skill level 4 in Unarmed Combat
   667 | D:5      | Gained mutation: You have sharp toenails. [demonic ancestry]
   667 | D:5      | Reached XP level 5. HP: 32/35 MP: 8/8
   669 | D:5      | Noticed a water moccasin
   687 | D:5      | Killed a water moccasin
   687 | D:5      | Reached skill level 5 in Unarmed Combat
   744 | D:6      | Noticed a troll
   787 | D:5      | Gained mutation: You have a pair of small horns on your head. [demonic ancestry]
   787 | D:5      | Reached XP level 6. HP: 13/41 MP: 9/9
   790 | D:5      | Killed from afar by a kobold

Vault maps used:
D:1:      mrwooster_arrival_statue_3
D:2:      uniq_jessica
D:3:      first_bread, feat_on_display
D:4:      minmay_goblin_kobold_castle, kennysheep_mini_moat, old_standard_altar,
          uniq_crazy_yiuf_cottage, uniq_robin
D:5:      vehumet_altar_wand_db
D:6:      ashenzari_altar_1, nicolae_overflow_hidden_temple, basic_altar,
          hangedman_ru_absence, uniq_menkaure

Skill      XL: |  1  2  3  4  5 |
---------------+----------------+-----
Dodging        | 2 |  2.1
Unarmed Combat | 1 2 3 4 5 |  5.3
Short Blades   | |  0.8
Stealth        | |  2.6
Spellcasting   | |  2.0
Hexes          | |  3.0

Action                   |  1- 3 |  4- 6 || total
-------------------------+-------+-------++-------
Melee: Dagger            |    15 |       ||    15
       Quarterstaff      |     5 |    28 ||    33
       Kick              |       |     1 ||     1
 Cast: Corona            |     2 |       ||     2
  Use: Potion            |       |     2 ||     2
 Stab: Sleeping          |     4 |       ||     4
       Confused          |     3 |       ||     3
Armor: Robe              |     1 |       ||     1
       Chain mail        |       |    23 ||    23
       Skin              |       |     4 ||     4
Dodge: Dodged            |     7 |     6 ||    13
